 Dungeon Crawl Stone Soup version 0.31-a0-1163-gcee99d1 (webtiles) character file.

Game seed: 14110021160666228547

1708763 Hug the Rhythm of Life and Death (level 27, 158/158 HPs)
             Began as a Vine Stalker Brigand on Nov 7, 2023.
             Was a Follower of Uskayaw.
             Escaped with the Orb
             ... and 3 runes on Dec 8, 2023!
             The game lasted 05:56:00 (65859 turns).

Hug the Rhythm of Life and Death (VSBr)            Turns: 65859, Time: 05:56:01

Health: 158/158    AC: 41    Str: 16    XL:     27
Magic:  41/41      EV: 37    Int: 11    God:    Uskayaw [*.....]
Gold:   3816       SH: 15    Dex: 43    Spells: 26/26 levels left

rFire   + + .        a - +4 demon blade (vamp)
rCold   . . .        Z - +7 buckler of the Haunted God {rF+ Dex+3}
rNeg    + . .        g - +10 pearl dragon scales of Nudailem {+Inv rF+ rN+ Will+ Regen+}
rPois   .            L - +0 helmet "Hiytab" {Dex+6 Slay+2 SInv}
rElec   .            n - +2 cloak
rCorr   .            t - +2 pair of gloves
SInv    +            H - +2 pair of boots of the Accordion {Dex+6}
Will    ++++.        A - amulet of the acrobat
Stlth   +            Q - +5 ring of evasion
HPRegen 2.06/turn    F - ring of flight
MPRegen 0.27/turn

%: acrobat, guardian spirit
@: flying, hasted, studying 2 skills, very quick
A: fangs 3, regeneration 1, magic shield, antimagic bite, no potion heal 2, see
invisible, mutation resistance 1, inability to drink after injury 1
0: Orb of Zot
}: 3/15 runes: decaying, silver, gossamer
a: Renounce Religion, Evoke Invisibility, Stomp


You escaped.
You worshipped Uskayaw.
Uskayaw was exalted by your worship.
You visited 10 branches of the dungeon, and saw 48 of its levels.

You collected 7174 gold pieces.
You spent 3358 gold pieces at shops.

Inventory:

Hand Weapons
 a - a +4 vampiric demon blade (weapon)
 b - the +4 dagger of the Turnip {flame, rF+ Str+2}
   (You found it on level 7 of the Dungeon)

   Str+2:     It affects your strength (+2).
   rF+:       It protects you from fire.
 c - the +2 triple sword "Dopo" {vamp, rC+ Str+4}
   (You found it on level 2 of the Realm of Zot)

   Str+4:     It affects your strength (+4).
   rC+:       It protects you from cold.
Missiles
 p - 16 curare-tipped darts (quivered)
 w - 22 javelins
 x - 4 poisoned darts
 W - 2 throwing nets
Armour
 g - the +10 pearl dragon scales of Nudailem (worn) {+Inv rF+ rN+ Will+ Regen+}
   (You acquired it on level 3 of the Dungeon)

   rF+:       It protects you from fire.
   rN+:       It protects you from negative energy.
   Will+:     It increases your willpower.
   +Inv:      It lets you turn invisible.
   Regen+:    It increases your rate of health regeneration.
 j - the +0 helmet "Earthly Heaven" {rElec rPois rF+ Dex+2}
   (You took it off Robin on level 2 of the Dungeon)

   Dex+2:     It affects your dexterity (+2).
   rF+:       It protects you from fire.
   rElec:     It insulates you from electricity.
   rPois:     It protects you from poison
 n - a +2 cloak (worn)
 t - a +2 pair of gloves (worn)
 H - the +2 pair of boots of the Accordion (worn) {Dex+6}
   (You found it on level 1 of the Spider Nest)

   Dex+6:     It affects your dexterity (+6).
 L - the +0 helmet "Hiytab" (worn) {Dex+6 Slay+2 SInv}
   (You found it on level 3 of the Depths)

   Dex+6:     It affects your dexterity (+6).
   Slay+2:    It affects your accuracy & damage with ranged weapons and melee
   (+2).
   SInv:      It lets you see invisible.
 Z - the +7 buckler of the Haunted God (worn) {rF+ Dex+3}
   (You found it on level 5 of the Vaults)

   Dex+3:     It affects your dexterity (+3).
   rF+:       It protects you from fire.
Jewellery
 f - a ring of positive energy
 i - the amulet of Qameulon {Spirit Dex+5}
   (You took it off a deep elf annihilator on level 3 of the Elven Halls)

   [amulet of guardian spirit]

   Spirit:    It causes incoming damage to be divided between your reserves of
   health and magic.
   Dex+5:     It affects your dexterity (+5).
 l - a ring of magical power
 s - an amulet of regeneration
 v - a ring of see invisible
 A - an amulet of the acrobat (around neck)
 F - a ring of flight (right hand)
 N - the ring of Divine Compulsion {Will+ rCorr}
   (You took it off a draconian monk on level 4 of the Depths)

   [ring of willpower]

   Will+:     It increases your willpower.
   rCorr:     It protects you from acid and corrosion.
 Q - a +5 ring of evasion (left hand)
 T - a +4 ring of protection
 U - an amulet of reflection
 X - the ring "Xiedoff" {Fire rPois rN++}
   (You took it off a purple draconian on level 4 of the Depths)

   [ring of fire]

   Fire:      It enhances your fire magic.
   rF+:       It protects you from fire.
   rC-:       It makes you vulnerable to cold.
   rPois:     It protects you from poison rN++: It greatly protects you from
   negative energy.
Wands
 r - a wand of paralysis (56)
 D - a wand of acid (50)
 R - a wand of digging (12)
 S - a wand of mindburst (33)
Scrolls
 e - 2 scrolls of revelation
 h - 6 scrolls of poison
 q - 20 scrolls of teleportation
 C - 7 scrolls of fear
Potions
 d - 6 potions of ambrosia
 m - 5 potions of curing
 o - 3 potions of cancellation
 u - 13 potions of enlightenment
 z - 6 potions of attraction
 B - 2 potions of resistance
 I - 2 potions of haste
 J - a potion of mutation
 K - a potion of brilliance
 M - 5 potions of lignification
 P - 4 potions of berserk rage
 V - 4 potions of magic


   Skills:
 + Level 20.6 Fighting
 - Level 10.0(12.9) Short Blades
 - Level 13.1(14.4) Long Blades
 - Level 1.7 Throwing
 + Level 18.6 Armour
 * Level 18.3 Dodging
 - Level 4.8 Stealth
 O Level 27 Invocations


You had 26 spell levels left.
You didn't know any spells.
Your spell library contained the following spells:

 Spells                   Type           Power      Damage    Failure   Level
 Apportation              Tloc           0%         N/A       77%         1
 Foxfire                  Conj/Fire      0%         2x1d4     77%         1
 Freeze                   Ice            0%         1d3       77%         1
 Kiss of Death            Conj/Necr      0%         2d5       77%         1
 Necrotise                Necr           0%         1d4       77%         1
 Shock                    Conj/Air       0%         1d3       77%         1
 Slow                     Hex            0%         N/A       77%         1
 Summon Small Mammal      Summ           0%         N/A       77%         1
 Blink                    Tloc           0%         N/A       88%         2
 Cigotuvi's Dreadful Rot  Necr/Pois/Air  0%         N/A       88%         2
 Ensorcelled Hibernation  Hex/Ice        0%         N/A       88%         2
 Jinxbite                 Hex            0%         N/A       88%         2
 Passwall                 Tmut/Erth      0%         N/A       88%         2
 Scorch                   Fire           0%         2d5       88%         2
 Sublimation of Blood     Necr           0%         N/A       88%         2
 Call Canine Familiar     Summ           0%         N/A       98%         3
 Confusing Touch          Hex            0%         N/A       98%         3
 Dazzling Flash           Conj/Hex       0%         N/A       98%         3
 Frozen Ramparts          Ice            0%         1d1       98%         3
 Gell's Gravitas          Tloc           0%         N/A       98%         3
 Hailstorm                Conj/Ice       0%         3d5       98%         3
 Ignite Poison            Fire/Tmut/Pois 0%         N/A       98%         3
 Inner Flame              Hex/Fire       0%         N/A       98%         3
 Ozocubu's Armour         Ice            0%         N/A       98%         3
 Sigil of Binding         Hex            0%         N/A       98%         3
 Stone Arrow              Conj/Erth      0%         3d7       98%         3
 Summon Guardian Golem    Hex/Summ       0%         N/A       98%         3
 Swiftness                Air            0%         N/A       98%         3
 Teleport Other           Tloc           0%         N/A       98%         3
 Vampiric Draining        Necr           0%         2d6       98%         3
 Volatile Blastmotes      Fire/Tloc      0%         2d10      98%         3
 Airstrike                Air            0%         2d(0-16)  100%        4
 Anguish                  Hex/Necr       0%         N/A       100%        4
 Animate Armour           Summ/Erth      0%         N/A       100%        4
 Animate Dead             Necr           0%         N/A       100%        4
 Cause Fear               Hex            0%         N/A       100%        4
 Dimensional Bullseye     Hex/Tloc       0%         N/A       100%        4
 Flame Wave               Conj/Fire      0%         2d4       100%        4
 Fulminant Prism          Conj/Hex       0%         3d5       100%        4
 Iskenderun's Mystic Bla  Conj/Tloc      0%         2d3       100%        4
 Leda's Liquefaction      Hex/Erth       0%         N/A       100%        4
 Manifold Assault         Tloc           0%         N/A       100%        4
 Petrify                  Tmut/Erth      0%         N/A       100%        4
 Sticky Flame             Conj/Fire      0%         2d3       100%        4
 Summon Ice Beast         Ice/Summ       0%         N/A       100%        4
 Alistair's Intoxication  Tmut/Pois      0%         N/A       100%        5
 Fireball                 Conj/Fire      0%         3d3       100%        5
 Freezing Cloud           Conj/Ice/Air   0%         6-21      100%        5
 Irradiate                Conj/Tmut      0%         3d11      100%        5
 Iskenderun's Battlesphe  Conj           0%         2d6       100%        5
 Metabolic Englaciation   Hex/Ice        0%         N/A       100%        5
 Summon Forest            Summ/Tloc      0%         N/A       100%        5
 Summon Mana Viper        Hex/Summ       0%         N/A       100%        5
 Bombard                  Conj/Erth      0%         9d1       100%        6
 Dispersal                Tloc           0%         N/A       100%        6
 Eringya's Noxious Bog    Tmut/Pois      0%         4d6       100%        6
 Plasma Beam              Fire/Air       0%         2x1d10    100%        6
 Simulacrum               Ice/Necr       0%         N/A       100%        6
 Starburst                Conj/Fire      0%         6d3       100%        6
 Summon Cactus Giant      Summ           0%         N/A       100%        6
 Enfeeble                 Hex            0%         N/A       100%        7
 Monstrous Menagerie      Summ           0%         N/A       100%        7
 Orb of Destruction       Conj           0%         9d5       100%        7
 Ozocubu's Refrigeration  Ice            0%         4d7       100%        7
 Spellforged Servitor     Conj/Summ      0%         N/A       100%        7
 Summon Hydra             Summ           0%         N/A       100%        7
 Infestation              Necr           0%         N/A       100%        8
 Lehudib's Crystal Spear  Conj/Erth      0%         10d2      100%        8
 Maxwell's Capacitive Co  Air            0%         ∞         100%        8
 Dragon's Call            Summ           0%         N/A       100%        9
 Polar Vortex             Ice            0%         N/A       100%        9


Dungeon Overview and Level Annotations

Branches:
Dungeon (15/15)            Temple (1/1) D:6            Lair (5/5) D:10
  Swamp (4/4) Lair:2       Spider (4/4) Lair:3        Slime (0/5) Lair:4
    Orc (2/2) D:9             Elf (3/3) Orc:2        Vaults (5/5) D:13
  Crypt (0/3) Vaults:2     Depths (4/4) D:15            Zot (5/5) Depths:4

Altars:
Ashenzari
Cheibriados
Dithmenos
Elyvilon
Fedhas
Gozag
Hepliaklqana
Kikubaaqudgha
Makhleb
Nemelex Xobeh
Okawaru
Qazlal
Ru
Sif Muna
Trog
Uskayaw
Vehumet
Wu Jian
Xom
Yredelemnul
Zin
The Shining One

Shops:
D:5 *   D:11 ?[   D:12 !   D:13 *((   Orc:1 :   Orc:2 !*?(   Elf:3 =:=
Vaults:1 [=   Vaults:3 !   Depths:2 [   Depths:3 (*[

Portals:
Hell: Depths:1 Depths:2 Depths:3 Depths:4
Abyss: Depths:1 Depths:3
Pandemonium: Depths:1 Depths:2
Ziggurat: Depths:1
Trove: D:10 (give 7 scrolls of fog)

Annotations:
Swamp:4 exclusion: 3 oklob plants
Zot:1 Tiamat
Zot:4 2 transporters, exclusion: obsidian statue


Innate Abilities, Weirdness & Mutations

You have razor-sharp teeth.
Your natural rate of healing is unusually fast.
When hurt, damage is shared between your health and your magic reserves.
Your bite disrupts and absorbs the magic of your enemies.
Potions cannot restore your health.
You have supernaturally acute eyesight. (SInv)
You are somewhat resistant to further mutation.
You occasionally lose the ability to drink potions when taking damage.


Message History

There is a stone staircase leading up here.
HP restored.
You fly upwards.
There is a stone staircase leading down here.
You feel yourself speed up.
An Orb Guardian comes into view.
Okay, then.
As you read the scroll of teleportation, it crumbles to dust.
You feel strangely unstable.
You feel the Orb delaying your translocation!
You block the Orb Guardian's attack.
The Orb Guardian attacks as it pursues you!
The Orb Guardian barely misses you.
Your surroundings suddenly seem different.
You reach down and open the door.
There is an open door here.
Your extra speed is starting to run out.
A shadow demon comes into view.
A demonspawn corrupter comes into view. It is wielding a +0 glaive.
The demonspawn corrupter shouts!
The shadow demon moves out of view.
Okay, then.
Okay, then.
As you read the scroll of fear, it crumbles to dust.
You assume a fearsome visage.
The demonspawn corrupter looks frightened!
A demonspawn warmonger comes into view.
It is wielding a +1 great sword of draining.
You feel yourself slow down.
You feel yourself speed up.
As you read the scroll of fear, it crumbles to dust.
You assume a fearsome visage.
The demonspawn corrupter looks frightened!
The shadow demon resists with almost no effort.
The demonspawn warmonger looks frightened!
Okay, then.
Okay, then.
Unknown command.
There is an open door here.
There is a staircase leading out of the dungeon here.
You have escaped!

.......#.........#
.......+.......#.#
.......#.##....#.#
......##.###.....#
.....###.##########
#...## #.##.......#
##'## #.'........#
#.# ####.......#
##.# #>###.@.#
#..## #####.......#
.#..###..+........#
###..##.###.......#
# ##.##.###########
##........# #
##.######### ###.##
.#.##


There were no monsters in sight!

Vanquished Creatures
  3 dread liches (Zot:5)
  5 orbs of fire (Zot:5)
  4 ancient liches
  Mennas (Depths:4)
  2 juggernauts
  Parghit (Zot:2)
  6 curse toes
  2 Killer Klowns (Zot:5)
  9 golden dragons
  Norris (Vaults:2)
  Jory (Vaults:2)
  Arachne (Spider:3)
  the Enchantress (Depths:3)
  3 electric golems
  25 tentacled monstrosities
  Jorgrun (Swamp:1)
  3 deep elf blademasters
  4 liches
  A walking earthen tome (Depths:3)
  26 Orb Guardians
  2 walking frostbound tomes
  4 sphinxes
  A walking divine tome (Depths:2)
  9 quicksilver dragons
  A deep elf master archer (Elf:3)
  5 titans
  Gastronok (Lair:1)
  Agnes (D:15)
  An eldritch tentacle (Zot:5)
  8 death cobs
  9 draconian monks
  3 thorn hunters
  7 tengu reavers
  A revenant (Vaults:2)
  Roxanne (Elf:1)
  7 shadow dragons
  8 frost giants
  Aizul (Spider:1)
  14 storm dragons
  6 fire giants
  9 draconian knights
  4 iron dragons
  20 vault wardens
  9 deep elf sorcerers
  Louise (Depths:1)
  7 emperor scorpions
  A draconian scorcher (Zot:1)
  10 ghost moths
  A hydra zombie (Swamp:4)
  8 draconian shifters
  2 balrugs
  5 deep elf elementalists (Elf:3)
  3 ghouls (Swamp:4)
  An orc warlord (Orc:1)
  4 draconian stormcallers
  19 ironbound preservers
  6 draconian annihilators
  2 broodmothers
  12 very ugly things
  8 spriggan defenders
  5 war gargoyles
  3 formless jellyfish
  Nessos (D:13)
  14 stone giants
  26 black draconians
  6 ironbound thunderhulks
  4 deep elf demonologists
  2 minotaurs (D:12)
  15 yellow draconians
  6 spark wasps
  3 vampire knights
  18 green draconians
  2 eleionomae
  5 bunyips
  22 purple draconians
  13 white draconians
  6 deep elf annihilators
  A lorocyproca (Zot:5)
  13 red draconians
  4 dire elephants
  2 crystal guardians (Vaults:4)
  5 deep elf death magi
  A blizzard demon (Depths:1)
  11 ettins
  7 entropy weavers
  4 shambling mangroves
  20 yaktaur captains
  5 great orbs of eyes
  Josephine (D:10)
  8 fire dragons
  3 deep elf high priests
  A jiangshi (Vaults:2)
  3 radroaches
  10 ice dragons
  33 vault guards
  10 centaur warriors
  6 rakshasas
  2 hell beasts
  9 spriggan air magi
  4 peacekeepers
  5 alligators
  A death knight (D:15)
  17 hydras
  9 ironbound frosthearts
  3 jorogumos (Spider:4)
  A catoblepas (Lair:1)
  2 hell hogs (Depths:1)
  12 death yaks
  8 boulder beetles
  A death yak (shapeshifter) (Depths:4)
  27 dancing weapons
  11 demonic crawlers
  12 deep troll earth magi
  12 spriggan berserkers
  7 tengu warriors
  3 vampire magi
  3 orc high priests (Orc:2)
  7 deep troll shamans
  29 spriggans
  2 hell knights
  12 deep elf knights
  2 soul eaters
  3 occultists
  The ghost of qlqlql the Gouger, a journeyman FeBe of Trog (Orc:1)
  Sonja (Lair:4)
  9 sun demons (Depths:1)
  Nergalle (Lair:3)
  6 pharaoh ants
  2 shadow wraiths
  A fire crab (shapeshifter) (D:15)
  7 skysharks
  5 iron trolls (Depths:4)
  4 sun moths
  A skeletal warrior (Vaults:2)
  8 goliath frogs
  12 spriggan druids
  15 orb spiders
  48 deep trolls
  3 bog bodies
  3 death drakes (Depths:4)
  9 glowing orange brains
  7 swamp dragons
  7 steelbarb worms
  11 lindwurms
  A spriggan simulacrum (Spider:1)
  A tengu zombie (Vaults:4)
  11 harpies
  4 arcanists
  5 necromancers
  3 flayed ghosts
  30 ironbound convokers
  Pikel (D:5)
  23 deep elf pyromancers
  6 phantasmal warriors
  4 spectral hydras (Swamp:4)
  7 deep elf archers
  4 orc knights (Orc:2)
  A sphinx simulacrum (D:14)
  18 wolf spiders
  2 will-o-the-wisps (Swamp:1)
  A wolf spider (shapeshifter) (Vaults:5)
  24 deep elf zephyrmancers
  6 orc sorcerers
  A fire giant zombie (Vaults:4)
  4 cyclopes
  10 manticores
  28 ugly things
  33 moths of wrath
  2 shining eyes (Depths:1)
  Joseph (D:7)
  Maurice (Orc:2)
  12 elephants
  8 apocalypse crabs (Zot:2)
  A water nymph (shapeshifter) (D:15)
  5 black mambas
  25 vault sentinels
  2 eyes of devastation (Depths:1)
  17 cane toads
  A frost giant skeleton (Vaults:4)
  5 rime drakes
  2 gargoyles (D:12)
  3 yaktaur zombies (Vaults:4)
  Maggie (D:8)
  2 torpor snails
  Jeremiah (D:7)
  3 unseen horrors
  An anaconda simulacrum (Spider:1)
  16 komodo dragons
  An efreet (D:13)
  A kobold demonologist (D:11)
  5 freezing wraiths
  4 tengu conjurers
  45 yaktaurs
  2 burning bushes (Lair:5)
  A meliai (shapeshifter) (Vaults:5)
  8 trolls
  2 death drake zombies (Swamp:4)
  26 hornets
  A hellwing (D:3)
  4 meliai
  Prince Ribbit (D:5)
  12 tyrant leeches
  10 polar bears
  A blink frog (shapeshifter) (D:13)
  20 tarantellas
  2 alligator simulacra (Spider:1)
  25 blink frogs
  A death drake skeleton (Swamp:4)
  3 glass eyes
  An elf zombie (Vaults:4)
  10 dream sheep
  3 hydra skeletons (Swamp:4)
  2 air elementals
  13 slime creatures
  A centaur simulacrum (D:11)
  A spriggan (shapeshifter) (D:13)
  21 culicivoras
  A culicivora (shapeshifter) (D:14)
  9 wraiths
  A wyvern (shapeshifter) (D:15)
  3 vampires
  7 water elementals
  24 jumping spiders
  2 wyverns
  3 fire bats (Depths:1)
  3 basilisks
  43 yaks
  68 redbacks
  A steam dragon (D:7)
  15 vampire mosquitoes
  Menkaure (D:7)
  A minotaur simulacrum (Spider:1)
  15 swamp worms
  A warg (Orc:2)
  A harpy simulacrum (Spider:1)
  An acid dragon (shapeshifter) (Depths:3)
  4 hell hounds (Elf:2)
  An acid dragon (D:11)
  2 hydra simulacra (Swamp:4)
  An ogre skeleton (Vaults:4)
  25 orc warriors
  16 water moccasins
  Duvessa (D:4)
  2 human zombies (Vaults:4)
  An ice beast (D:5)
  5 black bears
  7 swamp drakes (Swamp:4)
  An ettin simulacrum (Vaults:4)
  8 boggarts
  2 swamp dragon zombies (Swamp:4)
  11 centaurs
  5 ogres
  33 wolves
  2 phantoms (D:5)
  A lemure (D:5)
  15 kobold brigands
  13 bullfrogs
  2 necrophages (Swamp:4)
  A gnoll sergeant (D:7)
  A deep troll simulacrum (Spider:1)
  2 scorpions
  A human skeleton (Vaults:4)
  18 wights
  2 earth elementals (Elf:3)
  Dowan (D:4)
  2 human simulacra (Vaults:4)
  A lindwurm simulacrum (Spider:1)
  8 killer bees
  4 howler monkeys
  6 electric eels
  13 jellies
  4 hounds
  18 orc priests
  2 sleepcaps
  3 iguanas
  29 orc wizards
  4 hell rats (Lair:2)
  Robin (D:2)
  21 gnolls
  12 adders
  An adder (shapeshifter) (Vaults:5)
  A shadow imp (D:5)
  4 white imps
  2 ufetubi (D:6)
  3 worms
  4 dart slugs
  97 orcs
  6 bats
  13 endoplasms
  2 giant cockroaches
  17 goblins
  6 hobgoblins
  3 jackals
  2 quokkas
  6 ball pythons
  5 frilled lizards
  35 kobolds
  4 rats
2273 creatures vanquished.

Vanquished Creatures (collateral kills)
  A hornet (Depths:3)
  A spriggan (Swamp:4)
2 creatures vanquished.

Vanquished Creatures (others)
  A juggernaut (Depths:3)
  A wolf spider (Spider:1)
  3 bloated husks
  A culicivora (Spider:1)
  An orc priest (Orc:2)
  An orc wizard (Orc:1)
  An orc (Orc:1)
  11 foxfires (Swamp:1)
20 creatures vanquished.

Grand Total: 2295 creatures vanquished

Notes
Turn   | Place    | Note
-------+----------+-------------------------------------------
     0 | D:1      | Hug the Vine Stalker Brigand began the quest for the Orb.
     0 | D:1      | Reached XP level 1. HP: 11/11 MP: 2/2
   173 | D:1      | Reached XP level 2. HP: 15/15 MP: 3/3
   195 | D:1      | Found a faded altar of an unknown god.
   368 | D:1      | Reached skill level 1 in Armour
   890 | D:2      | Reached XP level 3. HP: 19/19 MP: 4/4
  1005 | D:2      | Found a blossoming altar of Fedhas.
  1273 | D:2      | Reached XP level 4. HP: 24/24 MP: 5/5
  1285 | D:2      | Identified the +0 helmet "Earthly Heaven" {rElec rPois rF+
                  | Dex+2}
  1285 | D:2      | Noticed Robin
  1340 | D:2      | Killed Robin
  1716 | D:3      | Found a basalt altar of Yredelemnul.
  1779 | D:3      | Reached XP level 5. HP: 28/28 MP: 6/6
  2028 | D:3      | Found a blossoming altar of Fedhas.
  2410 | D:3      | Identified a scroll of acquirement
  2468 | D:3      | Acquired the +10 pearl dragon scales of Nudailem {+Inv rF+
                  | rN+ Will+ Regen+}
  2597 | D:4      | Reached XP level 6. HP: 32/33 MP: 5/7
  2623 | D:4      | Found an ornate altar of the Wu Jian Council.
  2776 | D:4      | Noticed Dowan
  2776 | D:4      | Noticed Duvessa
  2790 | D:4      | Killed Duvessa
  2802 | D:4      | Killed Dowan
  2803 | D:4      | Reached skill level 5 in Fighting
  2865 | D:4      | Reached XP level 7. HP: 39/39 MP: 8/8
  3384 | D:5      | Entered Level 5 of the Dungeon
  3415 | D:5      | Reached skill level 1 in Dodging
  3426 | D:5      | Noticed Pikel
  3523 | D:5      | Killed Pikel
  3524 | D:5      | Gained mutation: You have razor-sharp teeth. [Vine Stalker
                  | growth]
  3524 | D:5      | Reached XP level 8. HP: 45/45 MP: 9/9
  3703 | D:5      | Reached skill level 5 in Armour
  3703 | D:5      | Found Paleg's Elemental Accessories.
  3744 | D:5      | Noticed Prince Ribbit
  3757 | D:5      | Killed Prince Ribbit
  3758 | D:5      | Reached XP level 9. HP: 48/50 MP: 10/10
  4461 | D:6      | Found a staircase to the Ecumenical Temple.
  4486 | Temple   | Entered the Ecumenical Temple
  4497 | Temple   | Became a worshipper of Uskayaw the Reveller
  4539 | D:6      | Reached * piety under Uskayaw
  4608 | D:6      | Found a sacrificial altar of Ru.
  4712 | D:6      | Reached ** piety under Uskayaw
  4716 | D:6      | Reached skill level 1 in Invocations
  5086 | D:6      | Reached *** piety under Uskayaw
  5097 | D:6      | Reached skill level 2 in Invocations
  5098 | D:6      | Reached **** piety under Uskayaw
  5099 | D:6      | Reached ***** piety under Uskayaw
  5144 | D:7      | Noticed Menkaure
  5490 | D:7      | Killed Menkaure
  5491 | D:7      | Reached skill level 3 in Invocations
  5491 | D:7      | Reached XP level 10. HP: 56/56 MP: 9/13
  5494 | D:7      | Reached skill level 5 in Short Blades
  5570 | D:7      | Identified the +4 dagger of the Turnip {flame, rF+ Str+2}
  5582 | D:7      | Noticed Jeremiah
  5605 | D:7      | Killed Jeremiah
  5713 | D:7      | Noticed Joseph
  5733 | D:7      | Killed Joseph
  5734 | D:7      | Reached skill level 4 in Invocations
  6134 | D:7      | You fall into a shaft and drop 1 floor!
  6420 | D:8      | Noticed Maggie
  6736 | D:8      | Reached skill level 5 in Invocations
  7012 | D:8      | Reached skill level 5 in Dodging
  7198 | D:8      | Killed Maggie
  7316 | D:9      | Found a burning altar of Makhleb.
  7392 | D:9      | Reached skill level 6 in Invocations
  7392 | D:9      | Reached XP level 11. HP: 60/60 MP: 16/16
  7553 | D:9      | Found a staircase to the Orcish Mines.
  8040 | D:10     | Entered Level 10 of the Dungeon
  8186 | D:10     | Reached skill level 7 in Invocations
  8205 | D:10     | Noticed Josephine
  8344 | D:10     | Killed Josephine
  8577 | D:10     | Found a hazy altar of Hepliaklqana.
  8853 | D:10     | Found a portal to a secret trove of treasure.
  8942 | D:10     | Found a staircase to the Lair.
  9094 | D:10     | Found a radiant altar of Vehumet.
  9095 | D:10     | Found a glowing silver altar of Zin.
  9206 | D:11     | Found Weicw's Antique Armour Boutique.
  9209 | D:11     | Bought a pair of boots for 112 gold pieces
  9209 | D:11     | Bought a pair of glowing gloves for 187 gold pieces
  9374 | D:11     | Noticed an ice dragon
  9431 | Lair:1   | Entered Level 1 of the Lair of Beasts
  9508 | Lair:1   | Reached skill level 8 in Invocations
  9520 | Lair:1   | Reached ****** piety under Uskayaw
  9612 | Lair:1   | Reached XP level 12. HP: 67/67 MP: 19/19
  9711 | Lair:1   | Noticed a catoblepas
  9790 | Lair:1   | Found a runed translucent door.
  9916 | Lair:1   | Noticed Gastronok
  9940 | Lair:1   | Killed Gastronok
  9941 | Lair:1   | Reached skill level 9 in Invocations
 10587 | Lair:2   | Noticed a seven-headed hydra
 10848 | Lair:2   | Reached skill level 10 in Fighting
 11129 | Lair:2   | Reached skill level 10 in Invocations
 11306 | Lair:2   | Killed a seven-headed hydra
 11322 | Lair:2   | Reached XP level 13. HP: 72/72 MP: 21/21
 11430 | Lair:2   | Found a staircase to the Swamp.
 12113 | Lair:3   | Found a hole to the Spider Nest.
 12172 | Lair:3   | Noticed Nergalle
 12193 | Lair:3   | Killed Nergalle
 12336 | Lair:3   | Identified the staff "Exann" {rElec Int+2 Air}
 12409 | Lair:3   | Identified the +7 ring mail of Trumpets {rN++ Will+ Str+3}
 12746 | Lair:4   | Reached skill level 11 in Invocations
 12962 | Lair:4   | Found a staircase to the Slime Pits.
 13330 | Lair:4   | Noticed Sonja
 13349 | Lair:4   | Killed Sonja
 13742 | Lair:5   | Entered Level 5 of the Lair of Beasts
 13843 | Lair:5   | Reached XP level 14. HP: 77/77 MP: 23/23
 13845 | Lair:5   | Reached skill level 12 in Invocations
 14753 | Lair:5   | Reached skill level 13 in Invocations
 15563 | Orc:1    | Entered Level 1 of the Orcish Mines
 15568 | Orc:1    | Found Gosam's Book Shoppe.
 15683 | Orc:2    | Entered Level 2 of the Orcish Mines
 15770 | Orc:2    | Found a staircase to the Elven Halls.
 15867 | Orc:2    | Noticed Maurice
 15877 | Orc:2    | Reached skill level 10 in Short Blades
 15885 | Orc:2    | Killed Maurice
 16089 | Orc:2    | Reached XP level 15. HP: 84/84 MP: 26/26
 16172 | Orc:2    | Reached skill level 10 in Armour
 16234 | Orc:2    | Found Piph's Weapon Shoppe.
 16234 | Orc:2    | Found Otuicy's Distillery.
 16248 | Orc:2    | Found Neost's Assorted Antiques.
 16248 | Orc:2    | Found Zythur's Magic Scroll Shoppe.
 16257 | Orc:2    | Bought a potion of cancellation for 128 gold pieces
 16257 | Orc:2    | Bought a potion of magic for 128 gold pieces
 16259 | Orc:2    | Bought a scroll of fear for 116 gold pieces
 16259 | Orc:2    | Bought a scroll of teleportation for 87 gold pieces
 16259 | Orc:2    | Bought a scroll of identify for 58 gold pieces
 16260 | Orc:2    | Bought a scroll of blinking for 120 gold pieces
 16260 | Orc:2    | Bought a scroll of teleportation for 48 gold pieces
 16260 | Orc:2    | Bought a scroll of identify for 32 gold pieces
 16260 | Orc:2    | Bought a scroll of identify for 32 gold pieces
 16531 | Orc:1    | Noticed qlqlql's ghost (journeyman FeBe)
 16531 | Orc:1    | Found a runed translucent door.
 16706 | Orc:1    | Noticed an orc warlord
 16727 | Orc:1    | Killed an orc warlord
 16736 | Orc:1    | Reached skill level 14 in Invocations
 16885 | Orc:1    | Killed qlqlql's ghost
 16950 | Orc:1    | Identified the staff "Taygaoxt" {+Blink rPois Poison}
 17115 | D:10     | Upgraded the game from 0.31-a0-997-g9a2f3ff to
                  | 0.31-a0-1027-gfb7600b
 17696 | D:11     | Got the +8 battleaxe "Wouha" {freeze, Int+3 Dex+2}
 17819 | D:11     | Found Batai's Magic Scroll Shoppe.
 17824 | D:11     | Bought a scroll of blinking for 90 gold pieces
 17824 | D:11     | Bought a scroll of revelation for 90 gold pieces
 17824 | D:11     | Bought a scroll of identify for 24 gold pieces
 17824 | D:11     | Bought a scroll of identify for 24 gold pieces
 18646 | D:12     | Identified the +8 quarterstaff "Himaidiamm" {drain, Fly
                  | MP+9 Int+3}
 19945 | D:12     | Found Feczy's Distillery.
 19954 | D:12     | Bought a potion of curing for 45 gold pieces
 19954 | D:12     | Bought a potion of lignification for 45 gold pieces
 19954 | D:12     | Bought a potion of haste for 150 gold pieces
 19954 | D:12     | Bought a potion of haste for 150 gold pieces
 20084 | D:13     | Found a gate to the Vaults.
 20202 | D:13     | Noticed Nessos
 20219 | D:13     | Killed Nessos
 20220 | D:13     | Reached skill level 15 in Invocations
 20271 | D:13     | Found Tuimiuhe's Antique Weapon Shoppe.
 20667 | D:13     | Reached XP level 16. HP: 90/90 MP: 28/28
 20799 | D:13     | Found Weralul's Assorted Antiques.
 20805 | D:13     | Bought a scroll labelled EDGHOC NOOPN for 32 gold pieces
 20805 | D:13     | Bought a scroll of identify for 64 gold pieces
 20805 | D:13     | Bought a glowing white potion for 28 gold pieces
 21205 | D:13     | Found Tudoqarph's Weapon Shop.
 21520 | IceCv    | Identified the "Tokeiza"
 21520 | Swamp:1  | Entered Level 1 of the Swamp
 21560 | Lair:2   | Reached skill level 10 in Dodging
 21769 | Swamp:1  | Noticed Jorgrun
 21902 | Swamp:1  | Killed Jorgrun
 22233 | Swamp:1  | Identified the +7 falchion of Memaup {flame, rPois rF+ rN+
                  | Int-5}
 22330 | Swamp:1  | Found the +5 woodcutter's axe
 22682 | Swamp:2  | Reached skill level 1 in Long Blades
 23561 | Swamp:3  | Noticed a thorn hunter
 23583 | Swamp:2  | Killed a thorn hunter
 23674 | Swamp:3  | Reached skill level 16 in Invocations
 24352 | Swamp:4  | Entered Level 4 of the Swamp
 24561 | Swamp:3  | Identified the ring "Miclump" {rN+ Int+4 Slay+3}
 24743 | Swamp:4  | Reached XP level 17. HP: 93/95 MP: 30/30
 25995 | Swamp:4  | Reached skill level 17 in Invocations
 26716 | Swamp:4  | Found a blossoming altar of Fedhas.
 26726 | Swamp:4  | Found a basalt altar of Yredelemnul.
 26741 | Swamp:4  | Got a decaying rune of Zot
 27004 | Spider:1 | Entered Level 1 of the Spider Nest
 27006 | Spider:1 | Identified the serpent talisman of Limited Liability {Str+3
                  | Dex+2 Stlth+}
 27006 | Spider:1 | Noticed Aizul
 27037 | Spider:1 | Killed Aizul
 27901 | Spider:1 | Identified the ring "Lyghum" {Wiz rF++ rCorr Dex+3 Stlth-}
 28085 | Spider:1 | Identified the +2 pair of boots of the Accordion {Dex+6}
 28290 | Spider:2 | Identified the ring "Vageo" {*Slow rC+ rCorr Dex+8 Stlth+}
 28601 | Spider:2 | Reached XP level 18. HP: 102/102 MP: 11/31
 29139 | Spider:2 | Reached skill level 18 in Invocations
 30566 | Spider:4 | Entered Level 4 of the Spider Nest
 31074 | Spider:4 | Noticed Arachne
 31104 | Spider:3 | Killed Arachne
 31646 | Spider:4 | Reached skill level 19 in Invocations
 32028 | Spider:4 | Reached XP level 19. HP: 95/107 MP: 0/33
 32422 | Spider:4 | Got a gossamer rune of Zot
 32543 | Spider:4 | Upgraded the game from 0.31-a0-1027-gfb7600b to
                  | 0.31-a0-1036-g31867e1
 33921 | D:15     | Entered Level 15 of the Dungeon
 34110 | D:15     | Reached skill level 15 in Fighting
 34137 | D:15     | Noticed Agnes
 34145 | D:15     | Found a broken altar of Ashenzari.
 34147 | D:15     | Killed Agnes
 34208 | D:15     | Found an opulent altar of Gozag.
 34649 | D:15     | Found a staircase to the Depths.
 34835 | Crypt:3  | Identified the "Elab"
 34835 | Depths:1 | Entered Level 1 of the Depths
 34910 | Depths:1 | You fall into a shaft and drop 1 floor!
 34922 | Depths:2 | Identified the +0 chain mail "Pirchafyl" {Str+2}
 34925 | Depths:2 | Noticed a juggernaut
 34935 | Depths:2 | Killed a juggernaut
 34957 | Depths:2 | Found a gateway to Hell.
 35023 | Depths:2 | Reached skill level 20 in Invocations
 35446 | Depths:1 | Noticed Louise
 35505 | Depths:1 | Killed Louise
 35552 | Depths:1 | Found a one-way gate to the infinite horrors of the Abyss.
 35590 | Depths:1 | Reached XP level 20. HP: 114/114 MP: 35/35
 35796 | Depths:1 | Found a one-way gateway to a ziggurat.
 36530 | Depths:1 | Found a one-way gate leading to the halls of Pandemonium.
 36960 | Depths:1 | Reached skill level 21 in Invocations
 37735 | Depths:2 | Found Pikhloeree's Antique Armour Boutique.
 38007 | Depths:3 | Noticed a juggernaut
 38007 | Depths:3 | Noticed a juggernaut
 38152 | Vaults:1 | Entered Level 1 of the Vaults
 38477 | Vaults:1 | Reached XP level 21. HP: 119/119 MP: 36/36
 39113 | Vaults:1 | Found Pabekibb's Armour Shoppe.
 39113 | Vaults:1 | Found Itod's Jewellery Shop.
 40010 | Vaults:2 | Reached skill level 22 in Invocations
 40190 | Vaults:2 | Found a staircase to the Crypt.
 40319 | Vaults:2 | Noticed Norris
 40341 | Vaults:2 | Noticed Jory
 40343 | Vaults:2 | Killed Norris
 40355 | Vaults:2 | Killed Jory
 40625 | Vaults:2 | Reached skill level 15 in Armour
 40822 | Vaults:2 | Reached XP level 22. HP: 126/126 MP: 38/38
 41057 | Vaults:3 | Found Soatz's Distillery.
 41066 | Vaults:3 | Bought a potion of haste for 200 gold pieces
 41066 | Vaults:3 | Bought a potion of curing for 60 gold pieces
 41066 | Vaults:3 | Bought a potion of attraction for 60 gold pieces
 41066 | Vaults:3 | Bought a potion of magic for 160 gold pieces
 41066 | Vaults:3 | Bought a potion of attraction for 60 gold pieces
 41153 | Vaults:3 | Identified the +9 dire flail of the Median {vamp, Contam
                  | rPois Int+3}
 42299 | Vaults:4 | Reached skill level 23 in Invocations
 43121 | Vaults:4 | Identified the +2 lajatang of the Unseen Realm {flame,
                  | Dex+3}
 43395 | Vaults:4 | Upgraded the game from 0.31-a0-1036-g31867e1 to
                  | 0.31-a0-1042-ga9834b3
 43591 | Elf:1    | Entered Level 1 of the Elven Halls
 43847 | Elf:1    | Reached skill level 15 in Dodging
 44172 | Elf:1    | Noticed Roxanne
 44211 | Elf:1    | Killed Roxanne
 44445 | Elf:1    | Got the Verses on Violence
 44866 | Elf:2    | Reached XP level 23. HP: 131/131 MP: 39/39
 44969 | Elf:2    | Found a runed translucent gate.
 44969 | Elf:2    | Found a runed translucent gate.
 44969 | Elf:2    | Found a runed translucent gate.
 45661 | Elf:2    | Reached skill level 24 in Invocations
 45844 | Elf:3    | Entered Level 3 of the Elven Halls
 45847 | Elf:3    | Paralysed by an air elemental for 1 turns
 46339 | Elf:3    | Found Ahicsemeo's Jewellery Emporium.
 46340 | Elf:3    | Found Fupticlist's Book Shop.
 46341 | Elf:3    | Found Qiobanos's Jewellery Emporium.
 46347 | Elf:3    | Bought an amulet of reflection for 420 gold pieces
 47321 | Elf:3    | Identified the +6 long sword of Eternal Vigilance {flame,
                  | Drain Fly Dex+5}
 47360 | Elf:3    | Identified the +9 falchion of Aneigin {freeze, *Corrode
                  | rF++ rC+++}
 47360 | Elf:3    | Identified the amulet of Qameulon {Spirit Dex+5}
 47445 | Elf:3    | Identified the staff "Ricitulo" {rC+ Dex+3 Ice}
 47448 | Elf:3    | Identified the staff of Freezing Tortfeasance {rElec rC+
                  | Int+4 Air}
 47542 | Elf:3    | Got the Disquisition on Unholy Conjuration
 47966 | Vaults:5 | Entered Level 5 of the Vaults
 47968 | Vaults:5 | Noticed an ancient lich
 47980 | Vaults:5 | Killed an ancient lich
 48011 | Vaults:5 | Noticed a golden dragon
 48023 | Vaults:5 | Reached skill level 5 in Long Blades
 48028 | Vaults:5 | Killed a golden dragon
 48690 | Vaults:4 | Reached XP level 24. HP: 138/138 MP: 40/40
 48719 | Vaults:5 | Noticed an ancient lich
 48734 | Vaults:5 | Killed an ancient lich
 48789 | Vaults:5 | Identified the +0 spear "Muhor" {spect, rElec rC- Str+5}
 49406 | Vaults:5 | Identified the ring "Diyxuass" {Ice rElec rCorr Str-5
                  | Int+4}
 49435 | Vaults:5 | Identified the +7 buckler of the Haunted God {rF+ Dex+3}
 49848 | Vaults:5 | Identified the staff of Crystal {rElec rPois Poison}
 49867 | Vaults:5 | Got a silver rune of Zot
 50212 | Depths:3 | Noticed the Enchantress
 50228 | Depths:3 | Found Zaass's Antique Armour Shop.
 50230 | Depths:3 | Reached skill level 25 in Invocations
 50230 | Depths:3 | Killed the Enchantress
 50302 | Depths:3 | Identified the +0 helmet "Hiytab" {Dex+6 Slay+2 SInv}
 50418 | Depths:3 | Found Olycs's General Store.
 50421 | Depths:3 | Bought 2 potions of haste for 380 gold pieces
 50421 | Depths:3 | Bought a scroll of butterflies for 76 gold pieces
 50421 | Depths:3 | Bought a potion of mutation for 152 gold pieces
 50591 | Depths:3 | Killed a juggernaut
 50735 | Depths:3 | Killed a juggernaut
 50913 | Depths:3 | Found Ovvad's Weapon Emporium.
 51796 | Depths:4 | Entered Level 4 of the Depths
 51796 | Depths:4 | Noticed Mennas
 51971 | Depths:4 | Reached XP level 25. HP: 140/144 MP: 40/40
 52115 | Depths:4 | Reached skill level 10 in Long Blades
 52259 | Depths:4 | Killed Mennas
 52761 | Depths:4 | Identified the +6 dagger of the Shining Light {holy, MP+9}
 52871 | Depths:4 | Identified the ring of Divine Compulsion {Will+ rCorr}
 53064 | Depths:3 | Upgraded the game from 0.31-a0-1042-ga9834b3 to
                  | 0.31-a0-1059-g83d41fd
 53112 | Depths:3 | Upgraded the game from 0.31-a0-1059-g83d41fd to
                  | 0.31-a0-1070-g7e96135
 53578 | Depths:4 | Identified the ring "Xiedoff" {Fire rPois rN++}
 53912 | Depths:4 | Found a gate to the Realm of Zot.
 53933 | Depths:4 | Identified the +10 shortbow of Honesty {freeze, rN+ Int+2}
 54293 | Zot:1    | Entered Level 1 of the Realm of Zot
 55101 | Zot:1    | Identified the +4 morningstar of the Little People {drain,
                  | Int+3}
 55830 | Zot:2    | Noticed Parghit
 55865 | Zot:2    | Killed Parghit
 55866 | Zot:2    | Reached XP level 26. HP: 127/150 MP: 40/40
 56174 | Zot:2    | Reached skill level 26 in Invocations
 56213 | Zot:2    | Found the +4 dragonskin cloak
 56213 | Zot:2    | Noticed Tiamat
 56347 | Zot:1    | Upgraded the game from 0.31-a0-1070-g7e96135 to
                  | 0.31-a0-1074-g0b22e4e
 56821 | Zot:2    | Acquired 371 gold pieces
 56860 | Zot:2    | Identified the +1 falchion of Disintegration {pain, Drain
                  | rPois rC+++ Stlth-}
 56861 | Zot:2    | Identified the +2 triple sword "Dopo" {vamp, rC+ Str+4}
 58682 | Zot:4    | Identified the +1 short sword of the Unseen Realm {freeze,
                  | Fly rF- rC+ rN+}
 58708 | Zot:4    | Found a transporter.
 58781 | Zot:4    | Found a transporter.
 59449 | Zot:4    | Acquired a manual of Long Blades
 59639 | Zot:5    | Entered Level 5 of the Realm of Zot
 61194 | Zot:5    | Reached skill level 27 in Invocations
 61240 | Zot:5    | Reached XP level 27. HP: 156/156 MP: 41/41
 61460 | Zot:5    | Gained mutation: Armour fits poorly on your strangely
                  | shaped body. [mutagenic glow]
 61474 | Zot:5    | Noticed an ancient lich
 61474 | Zot:5    | Gained mutation: You are clumsy. (Dex -2) [mutagenic glow]
 61483 | Zot:5    | Gained mutation: You sometimes lose your temper in combat.
                  | [mutagenic glow]
 61540 | Zot:4    | Lost mutation: You are clumsy. (Dex -2) [potion of
                  | mutation]
 61540 | Zot:4    | Lost mutation: You sometimes lose your temper in combat.
                  | [potion of mutation]
 61540 | Zot:4    | Gained mutation: You are weak. (Str -2) [potion of
                  | mutation]
 61540 | Zot:4    | Gained mutation: Your spells are a little harder to cast,
                  | but a little more powerful. [potion of mutation]
 61540 | Zot:4    | Gained mutation: You are resistant to electric shocks.
                  | (rElec) [potion of mutation]
 61541 | Zot:4    | Lost mutation: Your spells are a little harder to cast, but
                  | a little more powerful. [potion of mutation]
 61541 | Zot:4    | Lost mutation: You are resistant to electric shocks.
                  | (rElec) [potion of mutation]
 61541 | Zot:4    | Lost mutation: You are weak. (Str -2) [potion of mutation]
 61541 | Zot:4    | Gained mutation: You have a pair of small horns on your
                  | head. [potion of mutation]
 61541 | Zot:4    | Gained mutation: You passively map a small area around you.
                  | [potion of mutation]
 61541 | Zot:4    | Gained mutation: You are robust. (+10% HP) [potion of
                  | mutation]
 61547 | Zot:4    | Lost mutation: You passively map a small area around you.
                  | [potion of mutation]
 61547 | Zot:4    | Lost mutation: Armour fits poorly on your strangely shaped
                  | body. [potion of mutation]
 61547 | Zot:4    | Lost mutation: You have a pair of small horns on your head.
                  | [potion of mutation]
 61547 | Zot:4    | Gained mutation: Your body sometimes deteriorates upon
                  | taking damage. [potion of mutation]
 61547 | Zot:4    | Gained mutation: You are partially covered in large bone
                  | plates. (SH +4) [potion of mutation]
 61666 | Zot:5    | Noticed an orb of fire
 61666 | Zot:5    | Noticed a dread lich
 61666 | Zot:5    | Noticed an ancient lich
 61668 | Zot:5    | Noticed an orb of fire
 61810 | Zot:4    | Upgraded the game from 0.31-a0-1074-g0b22e4e to
                  | 0.31-a0-1163-gcee99d1
 61969 | Zot:5    | Gained mutation: You are clumsy. (Dex -2) [an orb of fire]
 61988 | Zot:5    | Killed an orb of fire
 62413 | Zot:5    | Killed an ancient lich
 62768 | Zot:5    | Killed a dread lich
 62920 | Zot:5    | Gained mutation: Your health recovers twice as slowly from
                  | being drained. [mutagenic glow]
 62931 | Zot:5    | Killed an ancient lich
 62939 | Zot:5    | Gained mutation: You occasionally lose the ability to drink
                  | potions when taking damage. [mutagenic glow]
 62947 | Zot:5    | Gained mutation: You are occasionally teleported next to
                  | monsters. [mutagenic glow]
 63077 | Zot:5    | Noticed an orb of fire
 63093 | Zot:5    | Killed an orb of fire
 63094 | Zot:5    | Lost mutation: You are clumsy. (Dex -2) [potion of
                  | mutation]
 63094 | Zot:5    | Lost mutation: You are partially covered in large bone
                  | plates. (SH +4) [potion of mutation]
 63094 | Zot:5    | Lost mutation: Your body sometimes deteriorates upon taking
                  | damage. [potion of mutation]
 63095 | Zot:5    | Lost mutation: You are occasionally teleported next to
                  | monsters. [potion of mutation]
 63095 | Zot:5    | Lost mutation: You are robust. (+10% HP) [potion of
                  | mutation]
 63095 | Zot:5    | Gained mutation: You are somewhat resistant to further
                  | mutation. [potion of mutation]
 63095 | Zot:5    | Gained mutation: Armour fits poorly on your strangely
                  | shaped body. [potion of mutation]
 63096 | Zot:5    | Lost mutation: Armour fits poorly on your strangely shaped
                  | body. [potion of mutation]
 63096 | Zot:5    | Lost mutation: Your health recovers twice as slowly from
                  | being drained. [potion of mutation]
 63096 | Zot:5    | Gained mutation: You have supernaturally acute eyesight.
                  | (SInv) [potion of mutation]
 63440 | Zot:5    | Noticed an orb of fire
 63470 | Zot:5    | Killed an orb of fire
 63485 | Zot:5    | Noticed a dread lich
 63507 | Zot:5    | Killed a dread lich
 63644 | Zot:5    | Noticed an orb of fire
 63657 | Zot:5    | Killed an orb of fire
 64381 | Zot:5    | Noticed a dread lich
 64904 | Zot:5    | Killed an orb of fire
 65000 | Zot:5    | Killed a dread lich
 65211 | Zot:5    | Got the Orb of Zot
 65859 | D:$      | Escaped with the Orb!

Illustrated notes

Levels and vault maps discovered:
D:1:      heliophobic_arrival_battle_scene, layout_loops_corners,
          ebering_ecumenical_altar_webs
D:2:      layout_rooms, basic_altar, uniq_robin
D:3:      layout_basic, fedhas_altar_2,
          mainiacjoe_overflow_concentric_impassable
D:4:      minmay_chambers_of_threes, layout_cave_pools,
          nicolae_wu_jian_wuxing_cycle, kennysheep_generic_room_14, uniq_duvessa
D:5:      layout_basic, nicolae_concentric_dashed_squares_wild,
          nicolae_elemental_shop, uniq_pikel, uniq_prince_ribbit1
D:6:      layout_cave_pools, nicolae_ru_awakened_eye, minmay_temple_entry_waves
D:7:      layout_basic, minmay_unpleasant_kobolds, uniq_menkaure, uniq_jeremiah,
          uniq_joseph
D:8:      layout_rooms, uniq_maggie
D:9:      layout_basic, mainiacjoe_overflow_catwalk, hiddenorc2_lemuel
D:10:     nicolae_BIG_FREAKIN_CUBE, layout_loops_ring,
          nicolae_hepliaklqana_hazy_memory, gammafunk_temple_overflow_pools,
          lair_entry_dummy, nicolae_trove_entry_columns, minivault_24,
          uniq_josephine
D:11:     minmay_coctagon, layout_gridville, serial_shops,
          nicolae_stop_n_shop_2, nicolae_shop_just_a_little_nook, special_room
          [special_room_kobold]
D:12:     fort_yaktaur, layout_cave_pools, serial_shops, nicolae_lakefront_shop
D:13:     layout_grid_maze, hellmonk_vaults_attempted_burglary, serial_shops,
          nicolae_shop_hallway_plus, shop, shop, minivault_20,
          grunt_ministairs_15, uniq_nessos
D:14:     layout_basic, kennysheep_decorative_pillar
D:15:     hangedman_depths_entry_civil_slaughter, layout_loops_ring,
          grunt_gozag_breadcrumbs, chequers_garden, ashenzari_altar_1,
          uniq_agnes
Temple:   nicolae_temple_great_sept
Lair:1:   gammafunk_lair_enchanted_lake, layout_loops_ring, lemuel_fruit_tree,
          infiniplex_staircase_pool, grunt_megastairs_5, uniq_gastronok
Lair:2:   layout_hall_layers, mainiacjoe_swamp_entry_angry_trees
Lair:3:   layout_long_grid, spider_nest_entry_web_field,
          chequers_serial_rivers_micro_d, uniq_nergalle
Lair:4:   layout_misc_corridors, minmay_slime_entry_jelly_boxes, minivault_27,
          minmay_hedge_maze, beast_lair_carwin_3, uniq_sonja
Lair:5:   minmay_lair_end_enchanted_forest, layout_hall_layers, evilmike_ambush
          [evilmike_ambush_outer_corners, evilmike_ambush_inner_basic],
          grunt_megastairs_4
Swamp:1:  layout_basic_swamp, evilmike_swamp_ruin_rubble_2, uniq_jorgrun
Swamp:2:  layout_falls_marsh, nicolae_swamp_trees_clearing
Swamp:3:  cheibrodos_swamp_heart_of_darkness, layout_basic_swamp,
          evilmike_swamp_ruin_house_4
Swamp:4:  byrel_swamp_growth_death_and_undeath, layout_basic_swamp
Spider:1: nicolae_spider_mines_1, portal_ice_cave_entry_ice_simulacra,
          uniq_aizul
Spider:2: layout_spider_delve, spiders_nest_hornet_nest
Spider:3: layout_spider_delve, nicolae_crawler_farm
Spider:4: johnstein_spider_rune_arachne_lair, hellmonk_spider_spawner
Orc:1:    layout_diamond_mine, serial_shops, nicolae_book_shop_shelving,
          gammafunk_ghost_grave
Orc:2:    grunt_orc_tribal_feast, layout_caves, uniq_maurice
Elf:1:    eino_elf_arrival_sip, layout_geoelf_diagonals, minmay_elf_sorcery,
          uniq_roxanne, uniq_louise
Elf:2:    nicolae_elf_blades_crystal_corner, layout_geoelf_octagon, special_room
          [special_room_mythical_zoo]
Elf:3:    minmay_elf_hall_dome, layout_geoelf_castle, minmay_shop_grove
Vaults:1: vaults_standard_mumra_x, v_misc_19, vaults_dpeg_spiral,
          nicolae_vaults_more_shelving_1, vaults_room_boxed,
          nicolae_vaults_taking_the_gang_shopping, grunt_vaults_funnel,
          nicolae_vaults_trapezoid_lopsided_1, v_misc_19, vaults_dpeg_hooks,
          hangedman_vaults_restitches, ontoclasm_vaults_fault,
          layout_vaults_ring, serial_shops, shop
Vaults:2: hangedman_vaults_capsules, nicolae_vaults_apartment_2,
          nicolae_vaults_network_quinsquares
          [nicolae_vaults_network_quincunx_subvault,
          nicolae_vaults_network_quincunx_subvault,
          nicolae_vaults_network_quincunx_subvault,
          nicolae_vaults_network_quincunx_subvault],
          nicolae_vaults_sesquioval_fish, nicolae_vaults_hallways_thing,
          nicolae_vaults_swerve, dpeg_vaults_monster_row,
          nicolae_vaults_diagonal_hallway_8, vaults_standard_mumra_lines,
          v_misc_29, minmay_crypt_entry_simple_sparse, nicolae_vaults_tangram_1,
          nicolae_vaults_house_2, nicolae_vaults_diamond_2,
          nicolae_vaults_trapezoid_lopsided_1, nicolae_vaults_tetromino_Z_1,
          layout_vaults_big_cross, uniq_norris, uniq_jory
Vaults:3: nicolae_vaults_tetromino_L_1, hangedman_vaults_nails,
          nicolae_vaults_wine_cellar, grunt_vaults_hallway_long, v_misc_22,
          nicolae_vaults_apartment_1, nicolae_vaults_tetromino_Z_1,
          nicolae_vaults_diamond_1, v_alt_pattern_6, layout_vaults_big_room,
          serial_shops, shop
Vaults:4: st_octagons_1, vaults_mumra_chevron, nicolae_vaults_trapezoid_4,
          hangedman_vaults_unwind, hangedman_vaults_restitches,
          nicolae_vaults_shrinking_rooms_1, hangedman_vaults_restitches,
          grunt_vaults_twisty, v_misc_17, nicolae_vaults_mitosis,
          nicolae_vaults_asterisk, nicolae_vaults_little_squares_6,
          v_alt_pattern_4, layout_vaults_maze
Vaults:5
Depths:1: layout_gridlike, enter_ziggurat_e,
          nicolae_hell_entry_hellmouth_sunbeams,
          nicolae_abyss_entry_one_way_or_another, minmay_misc_feat_ornament,
          grunt_pan_entry_zigzag, hex_intersection, bh_walls_and_bars
Depths:2: minmay_the_grid_square_5x5_4x4 [minmay_the_grid_square_5x5_shrine2,
          minmay_the_grid_square_5x5_n_small, minmay_the_grid_square_5x5_meh,
          minmay_the_grid_square_5x5_plus, minmay_the_grid_square_5x5_corner,
          minmay_the_grid_square_5x5_prize_junk,
          minmay_the_grid_square_5x5_prize_snowflake,
          minmay_the_grid_square_5x5_two_walls_a,
          minmay_the_grid_square_5x5_three_walls,
          minmay_the_grid_square_5x5_prize_monsterx,
          minmay_the_grid_square_5x5_prize_open,
          minmay_the_grid_square_5x5_broken_cross,
          minmay_the_grid_square_5x5_tri_point,
          minmay_the_grid_square_5x5_inner_i,
          minmay_the_grid_square_5x5_hollow_slash,
          minmay_the_grid_square_5x5_percent], layout_basic, hell_entry,
          serial_shops, shop, rand_demon_pan_entry_7
Depths:3: kennysheep_water_balloons, layout_basic, hangedman_tar_grid_catacomb,
          serial_shops, nicolae_shop_getting_attention, kennysheep_mini,
          nicolae_shop_hallway_plus, nicolae_hexahallways,
          abyss_entry_glasseish, evilmike_ambush [evilmike_ambush_outer_basic,
          evilmike_ambush_inner_basic], infiniplex_staircase_x, uniq_enchantress
Depths:4: lemuel_castle_with_subvaults [lemuel_castle_interior_carwin_2],
          layout_long_grid, hell_entry, minmay_misc_feat_five,
          grunt_megastairs_3, uniq_mennas
Zot:1:    layout_gridlike, regret_index_zotdec_dark_gr,
          kennysheep_underground_church
Zot:2:    gammafunk_mikee_crab_dinner, layout_cellular_growth, uniq_parghit,
          uniq_tiamat
Zot:3:    layout_basic
Zot:4:    gammafunk_sealed_arena, layout_concentric_octagons
Zot:5:    layout_cathedral_of_symmetry

Skill      XL: |  1  2  3  4  5  6  7  8  9 10 11 12 13 14 15 16 17 18 19 20 21 22 23 24 25 26 27 |
---------------+----------------------------------------------------------------------------------+-----
Fighting       | 2 3 4 5 6 7 8 9 10 11 12 13 14 15 16 17 18 19 20 | 20.6
Armour         | 1 2 3 4 5 6 7 8 9 10 11 12 13 14 15 16 17 18 | 18.6
Dodging        | 2 3 4 5 6 7 8 9 10 11 12 13 14 15 16 17 18 | 18.3
Short Blades   | 2 3 4 6 7 8 9 10 | 10.0
Invocations    | 3 6 8 10 11 13 15 16 17 19 20 21 22 23 24 25 27 | 27.0
Long Blades    | 3 5 9 12 13 | 13.1
Throwing       | |  1.7
Stealth        | |  4.8

Action                     |  1- 3 |  4- 6 |  7- 9 | 10-12 | 13-15 | 16-18 | 19-21 | 22-24 | 25-27 || total
---------------------------+-------+-------+-------+-------+-------+-------+-------+-------+-------++-------
  Melee: Dagger            |    90 |    56 |       |   318 |  1528 |  2057 |  1647 |  1232 |   410 ||  7338
         Bite              |    18 |    52 |   126 |   344 |   736 |  1078 |   961 |  1028 |  1097 ||  5440
         Punch             |     1 |       |     8 |    10 |    24 |       |       |       |       ||    43
         Short sword       |       |   112 |   333 |   457 |       |       |       |       |       ||   902
         Falchion          |       |       |       |       |       |       |     9 |     8 |       ||    17
         Demon blade       |       |       |       |       |       |       |       |   493 |  1268 ||  1761
  Throw: Dart              |    17 |    72 |    56 |   101 |   242 |   299 |    36 |   106 |    90 ||  1019
         Throwing net      |       |     1 |     3 |       |     1 |       |       |       |       ||     5
         Boomerang         |       |       |       |       |   127 |    48 |    87 |       |       ||   262
         Javelin           |       |       |       |       |     2 |       |     2 |     1 |     2 ||     7
 Invoke: Stomp             |       |       |     8 |    38 |    93 |   151 |   137 |    75 |    25 ||   527
         Line Pass         |       |       |       |    16 |    22 |    16 |    34 |    55 |    70 ||   213
         Grand Finale      |       |       |       |       |       |     2 |     8 |     5 |     2 ||    17
  Evoke: Wand              |       |     2 |     5 |    13 |     7 |   100 |    10 |     4 |    75 ||   216
    Use: Scroll            |       |     6 |     3 |     5 |    14 |    15 |     6 |    12 |    32 ||    93
         Potion            |       |     5 |     2 |       |     4 |     9 |     5 |     5 |    31 ||    61
   Stab: Sleeping          |    11 |     1 |       |     3 |     2 |     1 |     6 |     6 |     5 ||    35
         Held in net/web   |       |       |     3 |       |       |       |       |       |       ||     3
         Paralysed         |       |       |     5 |    33 |    77 |    85 |    91 |   104 |   112 ||   507
         Confused          |       |       |       |     1 |     9 |     6 |    23 |    36 |    56 ||   131
         Distracted        |       |       |       |     2 |       |     1 |     1 |     3 |       ||     7
         Invisible         |       |       |       |       |       |     9 |       |       |       ||     9
         Petrifying        |       |       |       |       |       |       |     2 |       |       ||     2
         Petrified         |       |       |       |       |       |       |     1 |       |       ||     1
 Armour: Robe              |    16 |       |       |       |       |       |       |       |       ||    16
         Ring mail         |    46 |    54 |       |       |       |       |       |       |       ||   100
         Pearl dragon scal |       |    67 |   194 |   532 |   927 |  1310 |   683 |   843 |   740 ||  5296
         Scale mail        |       |     2 |       |       |       |       |       |       |       ||     2
         Skin              |       |       |     6 |       |       |       |       |       |       ||     6
  Dodge: Dodged            |    39 |    77 |   126 |   452 |   850 |  1800 |  1122 |  1398 |  1458 ||  7322
  Block: Buckler           |       |       |       |       |   204 |   865 |   468 |   603 |   825 ||  2965

Table legend: (Time is in decaauts)
 A = Elapsed time spent in this place.
 B = Non-inter-level travel time spent in this place.
 C = Inter-level travel time spent in this place.
 D = Time resting spent in this place.
 E = Time spent auto-exploring this place.
 F = Levels seen in this place.
 G = Mean time per level.
                   A        B        C        D        E       F      G
               +--------+--------+--------+--------+--------+-----+--------+
         Total |  62062 |  57555 |   4507 |   8036 |  33073 |  48 | 1293.0 |
       Dungeon |  15763 |  14470 |   1293 |   1287 |   9763 |  15 | 1050.9 |
        Temple |     22 |     11 |     11 |      0 |      0 |   1 |   22.0 |
          Lair |   6984 |   6155 |    829 |    514 |   4125 |   5 | 1396.8 |
         Swamp |   5020 |   4774 |    246 |    926 |   2626 |   4 | 1255.0 |
   Spider Nest |   4809 |   4533 |    276 |    388 |   2452 |   4 | 1202.2 |
  Orcish Mines |   1398 |   1234 |    164 |      0 |    863 |   2 |  699.0 |
   Elven Halls |   3871 |   3665 |    206 |    383 |   2230 |   3 | 1290.3 |
        Vaults |   6672 |   5904 |    768 |    132 |   3991 |   5 | 1334.4 |
        Depths |   6962 |   6622 |    340 |    804 |   3514 |   4 | 1740.5 |
           Zot |  10558 |  10187 |    371 |   3599 |   3508 |   5 | 2111.6 |
               +--------+--------+--------+--------+--------+-----+--------+

Top non-repeatable levels by time:
   Zot:5: 4617 daAuts
Depths:4: 2166 daAuts
 Swamp:4: 1973 daAuts
    D:12: 1881 daAuts
Depths:3: 1832 daAuts
Depths:1: 1778 daAuts
   Elf:3: 1743 daAuts
   Zot:4: 1695 daAuts
  Lair:1: 1682 daAuts
Spider:4: 1670 daAuts
Vaults:4: 1663 daAuts
  Lair:3: 1594 daAuts
Vaults:2: 1573 daAuts
  Lair:5: 1481 daAuts
   Zot:1: 1471 daAuts
